 Dungeon Crawl Stone Soup version 0.25.1-8-g42b30a86e7 (webtiles) character file.

Game seed: 5855529233455404986

49 Descartes the Ducker (level 3, 0/17 HPs)
             Began as a Felid Monk on Dec 13, 2020.
             Slain by an orc
             ... wielding a +0 mace
              (6 damage)
             ... on level 2 of the Dungeon.
             The game lasted 00:02:28 (1574 turns).

Descartes the Ducker (Felid Monk)                   Turns: 1574, Time: 00:02:29

Health: 0/17       AC:  1    Str:  8    XL:     3   Next: 51%
Magic:  4/4        EV: 20    Int: 11    God:
Gold:   105        SH:  0    Dex: 18    Spells: 2/2 levels left
                                        Lives:  0   Deaths: 0

rFire    . . .     SeeInvis +     - Unarmed
rCold    . . .     Gourm    .   (shield unavailable)
rNeg     . . .     Faith    .   (armour unavailable)
rPois    .         Spirit   .   (helmet unavailable)
rElec    .         Reflect  .   (cloak unavailable)
rCorr    .         Harm     .   (gloves unavailable)
MR       .....                  (boots unavailable)
Stlth    +++.......             (no amulet)
HPRegen  0.05/turn              (no ring)
MPRegen  0.09/turn              (no ring)

@: quick
A: very small, no armour, no weapons or thrown items, stealth, claws 1, fangs 3,
see invisible, carnivore, speed 1, shaggy fur 1, slow metabolism 1, sharp paws
a: no special abilities


You were on level 2 of the Dungeon.
You were very full.

You visited 1 branch of the dungeon, and saw 3 of its levels.

You collected 105 gold pieces.

Inventory:

Missiles
 e - 97 stones
Wands
 g - a wand of random effects (18)
Scrolls
 c - a scroll of identify {unknown}
 f - a scroll of remove curse {unknown}
 i - a scroll of amnesia {unknown}
 k - a scroll of blinking {unknown}
Potions
 b - 2 potions of heal wounds {unknown}
 d - a potion of might {unknown}
 j - a potion of curing {unknown}
 l - a potion of brilliance {unknown}
Comestibles
 a - 4 rations
 h - 5 chunks of flesh


   Skills:
 - Level 3.0 Fighting
 + Level 4.8 Dodging
 + Level 3.9 Stealth
 + Level 3.5 Unarmed Combat


You had 2 spell levels left.
You didn't know any spells.
Your spell library was empty.

Dungeon Overview and Level Annotations

Branches:
Dungeon (3/15)

Altars:
Qazlal
Xom


Innate Abilities, Weirdness & Mutations

You cannot wear armour.
You are incapable of wielding weapons or throwing items.
Your paws allow you to move quietly. (Stealth)
You have sharp claws.
You have razor-sharp teeth.
You have supernaturally acute eyesight. (SInv)
You are carnivorous and can eat meat at any time.
You cover ground quickly.
You are covered in fur. (AC +1)
You have a slow metabolism.
Your sharp claws are effective at attacking unaware monsters.


Message History

The orc shouts! x2
You scratch the orc. You bite the orc, but do no damage.
The orc is heavily wounded.
The orc closely misses you. The orc completely misses you.
You scratch the orc but do no damage.
The orc is heavily wounded.
The orc closely misses you. x2
The quokka twitches its whiskers.
The orc closely misses you. The quokka bites you.
The orc hits you with a +0 mace.
You climb upwards.
There is a stone staircase leading down here.
You barely miss the orc.
The orc is heavily wounded.
The quokka misses you. The orc closely misses you. x2
You scratch the orc but do no damage.
The orc is heavily wounded.
The quokka completely misses you. The orc hits you with a +0 club.
The quokka bites you. The orc hits you with a +0 mace.
You die...

#.###..####..##.##.
#.# ##..).#.....#..
#.# #####....###...
#.###..............
#.##..####.........
###.>..#####.........
#..........#.........
#...o..).............
#...@o....>.#........
#####r####....b......
##.# ##.#.........
#..###............
#........#........
###....#.........###
#......#.........#
#....###.........#
###### #.........#


You could see 2 orcs and a quokka.

Vanquished Creatures
  A gnoll (D:1)
  An ooze (D:1)
  A leopard gecko (D:1)
  An orc (D:3)
  2 bats
  3 giant cockroaches
  6 hobgoblins
  A kobold (D:1)
  A ball python (D:2)
  9 goblins
  2 rats (D:1)
28 creatures vanquished.

Notes
Turn   | Place    | Note
-------+----------+-------------------------------------------
     0 | D:1      | Descartes the Felid Monk began the quest for the Orb.
     0 | D:1      | Reached XP level 1. HP: 10/10 MP: 2/2
   320 | D:1      | Reached XP level 2. HP: 14/14 MP: 3/3
   810 | D:1      | Reached XP level 3. HP: 14/17 MP: 4/4
  1089 | D:2      | Found a stormy altar of Qazlal.
  1102 | D:2      | Found a shimmering altar of Xom.
  1574 | D:2      | Slain by an orc

Illustrated notes

Levels and vault maps discovered:
D:1:      lightli_arrival_isolated_outpost, layout_loops_ring, st_stairs_8,
          kennysheep_minor_cross
D:2:      layout_rooms, xom_butterflies, grunt_qazlal_sundering, first_ration,
          kennysheep_generic_room_7
D:3:      layout_rooms, nicolae_overflow_crystal_walls

Skill      XL: |  1 |
---------------+----+-----
Stealth        | 3 |  3.9
Fighting       | |  3.0
Dodging        | |  4.8
Unarmed Combat | |  3.5

Action                   || total
-------------------------++-------
Melee: Unarmed           ||    73
       Bite              ||     7
       Punch             ||     1
 Stab: Sleeping          ||     6
  Eat: Chunk             ||     8
Armor: Skin              ||     2
Dodge: Dodged            ||    66
